TOP OF THE 1ST |
Amarillo Archdukes batting - Pitching for Tuscaloosa Trout Slayers : RHP Juan De Jesús
|
Pitching: RHP Juan De Jesús
|
|
Batting: RHB Jesús Ramos
|
0-0: Called Strike 0-1: Ball 1-1: SINGLE (Line Drive, 56)
|
Batting: RHB Nelson Castro
|
0-0: Ball Jesús Ramos is caught stealing 2nd base 1-0: Ball 2-0: Foul Ball, location: 2F 2-1: Fly out, F5 (Popup, 5)
|
Batting: SHB Álex Hernández
|
0-0: Ball 1-0: Called Strike 1-1: Foul Ball, location: 2F 1-2: TRIPLE (Line Drive, 7D)
|
Batting: LHB António Chávez
|
0-0: Ball 1-0: Called Strike 1-1: SINGLE (Line Drive, 8RS) Álex Hernández scores
|
Batting: RHB Vincente Ramírez
|
0-0: Foul Ball, location: 2F 0-1: Ball 1-1: Foul Ball, location: 2F 1-2: Foul Ball, location: 2F 1-2: Strikes out swinging
|
Top of the 1st over - 1 run, 3 hits, 0 errors, 1 left on base; Amarillo 1 - Tuscaloosa 0 |
BOTTOM OF THE 1ST |
Tuscaloosa Trout Slayers batting - Pitching for Amarillo Archdukes : RHP Sébastien Benoit
|
Pitching: RHP Sébastien Benoit
|
|
Batting: LHB Manuel Ortega
|
0-0: Ball 1-0: Ball 2-0: Called Strike 2-1: Foul Ball, location: 2F 2-2: Strikes out looking
|
Batting: RHB Alfredo Díaz
|
0-0: Ball 1-0: Foul Ball, location: 2F 1-1: Foul Ball, location: 2F 1-2: Strikes out swinging
|
Batting: LHB Juan Hernández
|
0-0: Called Strike 0-1: Ball 1-1: Ball 2-1: Ball 3-1: Swinging Strike 3-2: Foul Ball, location: 2F 3-2: Base on Balls
|
Batting: LHB Marcos Villarreal
|
0-0: Ball 1-0: Called Strike 1-1: Called Strike 1-2: Foul Ball, location: 2F 1-2: Fly out, F6 (Popup, P)
|
Bottom of the 1st over - 0 runs, 0 hits, 0 errors, 1 left on base; Amarillo 1 - Tuscaloosa 0 |
TOP OF THE 2ND |
Amarillo Archdukes batting - Pitching for Tuscaloosa Trout Slayers : RHP Juan De Jesús
|
Batting: SHB Jeff Chambers
|
0-0: Ball 1-0: Foul Ball, location: 2F 1-1: Foul Ball, location: 2F 1-2: Ball 2-2: SOLO HOME RUN (Flyball, 9LD), Distance : 360 ft
|
Batting: RHB Félix Trevino
|
0-0: Swinging Strike 0-1: Ball 1-1: Foul Ball, location: 2F 1-2: SINGLE (Groundball, 6D)
|
Batting: RHB Rich Henley
|
0-0: Ball 1-0: Ball 2-0: Foul Ball, location: 2F 2-1: Called Strike 2-2: Foul Ball, location: 2F 2-2: Ball 3-2: Base on Balls Félix Trevino to second
|
Batting: RHB Herb Bunch
|
0-0: Ball 1-0: Fly out, F8 (Flyball, 8RXD) Runner from 2nd tags up, SAFE at 3rd, no throw
|
Batting: RHB Jesús Ramos
|
0-0: Called Strike 0-1: Fly out, F6 (Line Drive, 6) Lined into DP, 6-3 (Line Drive, 6)
|
Top of the 2nd over - 1 run, 2 hits, 0 errors, 1 left on base; Amarillo 2 - Tuscaloosa 0 |
BOTTOM OF THE 2ND |
Tuscaloosa Trout Slayers batting - Pitching for Amarillo Archdukes : RHP Sébastien Benoit
|
Batting: LHB Miguel Rosa
|
0-0: SOLO HOME RUN (Line Drive, 9LD), Distance : 358 ft
|
Batting: RHB Augusto Baca
|
0-0: SINGLE (Flyball, 8RS)
|
Batting: SHB António Ramírez
|
0-0: Ball 1-0: Ball 2-0: Ball 3-0: Called Strike 3-1: Base on Balls Augusto Baca to second
|
Batting: RHB Juan Reyes
|
0-0: Fly out, F9 (Flyball, 9)
|
Batting: RHB Greg Lee
|
0-0: Ball 1-0: SINGLE (Groundball, 4D) Augusto Baca to third António Ramírez to second
|
Batting: LHB Manuel Ortega
|
0-0: Ball 1-0: Ball 2-0: Ball 3-0: Called Strike 3-1: Called Strike 3-2: Base on Balls Augusto Baca scores António Ramírez to third Greg Lee to second
|
Batting: RHB Alfredo Díaz
|
0-0: Called Strike 0-1: Ball 1-1: Ball 2-1: Foul Ball, location: 2F 2-2: Ball 3-2: Base on Balls António Ramírez scores Greg Lee to third Manuel Ortega to second
|
Batting: LHB Juan Hernández
|
0-0: Ball 1-0: Fielders Choice at 2nd, 4-6 (Groundball, 4) Greg Lee scores Manuel Ortega to third
|
Batting: LHB Marcos Villarreal
|
0-0: Ball 1-0: Called Strike Pickoff Throw to First - Error! E1 Manuel Ortega scores Juan Hernández to second 1-1: Ball 2-1: Ball 3-1: Called Strike 3-2: Strikes out swinging
|
Bottom of the 2nd over - 5 runs, 3 hits, 1 error, 1 left on base; Amarillo 2 - Tuscaloosa 5 |
TOP OF THE 3RD |
Amarillo Archdukes batting - Pitching for Tuscaloosa Trout Slayers : RHP Juan De Jesús
|
Batting: RHB Nelson Castro
|
0-0: Called Strike 0-1: Foul Ball, location: 2F 0-2: Ball 1-2: Strikes out swinging
|
Batting: SHB Álex Hernández
|
0-0: Ball 1-0: Swinging Strike 1-1: Ball 2-1: Foul Ball, location: 2F 2-2: Foul Ball, location: 2F 2-2: Foul Ball, location: 2F 2-2: Strikes out looking
|
Batting: LHB António Chávez
|
0-0: Foul Ball, location: 2F 0-1: Foul Ball, location: 2F 0-2: SINGLE (Groundball, 34D)
|
Batting: RHB Vincente Ramírez
|
0-0: Called Strike 0-1: Called Strike 0-2: Foul Ball, location: 2F 0-2: Strikes out swinging
|
Top of the 3rd over - 0 runs, 1 hit, 0 errors, 1 left on base; Amarillo 2 - Tuscaloosa 5 |
BOTTOM OF THE 3RD |
Tuscaloosa Trout Slayers batting - Pitching for Amarillo Archdukes : RHP Sébastien Benoit
|
Batting: LHB Miguel Rosa
|
0-0: Ball 1-0: Swinging Strike 1-1: Foul Ball, location: 2F 1-2: Ball 2-2: Ball 3-2: SINGLE (Groundball, 34D)
|
Batting: RHB Augusto Baca
|
0-0: Fly out, F8 (Flyball, 8RS)
|
Batting: SHB António Ramírez
|
0-0: Ball 1-0: Ball 2-0: Ball 3-0: Base on Balls Miguel Rosa to second
|
Batting: RHB Juan Reyes
|
0-0: Ball 1-0: Foul Ball, location: 2F 1-1: Ball 2-1: Swinging Strike 2-2: Foul Ball, location: 2F 2-2: Ball 3-2: 3-RUN HOME RUN (Line Drive, 7LD), Distance : 346 ft
|
Batting: RHB Greg Lee
|
0-0: Ball 1-0: Ball 2-0: Called Strike 2-1: Ground out 6-3 (Groundball, 6S)
|
Batting: LHB Manuel Ortega
|
0-0: Called Strike 0-1: Swinging Strike 0-2: Ball 1-2: Ball 2-2: Strikes out swinging
|
Bottom of the 3rd over - 3 runs, 2 hits, 0 errors, 0 left on base; Amarillo 2 - Tuscaloosa 8 |
TOP OF THE 4TH |
Amarillo Archdukes batting - Pitching for Tuscaloosa Trout Slayers : RHP Juan De Jesús
|
Batting: SHB Jeff Chambers
|
0-0: Called Strike 0-1: Foul Ball, location: 2F 0-2: Strikes out swinging
|
Batting: RHB Félix Trevino
|
0-0: Ball 1-0: Foul Ball, location: 2F 1-1: Foul Ball, location: 2F 1-2: Foul Ball, location: 2F 1-2: Ball 2-2: Foul Ball, location: 2F 2-2: Ball 3-2: SINGLE (Groundball, 6MD)
|
Batting: RHB Rich Henley
|
0-0: Ball 1-0: Ball 2-0: Fly out, F9 (Flyball, 9LD)
|
Batting: RHB Herb Bunch
|
0-0: Foul Ball, location: 2F 0-1: Ball 1-1: Ball 2-1: Foul Ball, location: 2F 2-2: Ground out 4-3 (Groundball, 4)
|
Top of the 4th over - 0 runs, 1 hit, 0 errors, 1 left on base; Amarillo 2 - Tuscaloosa 8 |
BOTTOM OF THE 4TH |
Tuscaloosa Trout Slayers batting - Pitching for Amarillo Archdukes : RHP Sébastien Benoit
|
Batting: RHB Alfredo Díaz
|
0-0: Ball 1-0: SINGLE (Groundball, 56) (infield hit)
|
Batting: LHB Juan Hernández
|
0-0: Foul Ball, location: 2F 0-1: Swinging Strike 0-2: Ball 1-2: Ball 2-2: Foul Ball, location: 2F 2-2: Ball 3-2: Fly out, F7 (Flyball, 7S)
|
Pitching: RHP Wilson Molina
|
|
Batting: LHB Marcos Villarreal
|
0-0: Ball 1-0: Swinging Strike 1-1: Swinging Strike 1-2: SINGLE (Flyball, 78S) Alfredo Díaz to second
|
Batting: LHB Miguel Rosa
|
0-0: Called Strike 0-1: Foul Ball, location: 2F 0-2: Foul Ball, location: 2F 0-2: Fly out, F8 (Line Drive, 8RD)
|
Batting: RHB Augusto Baca
|
0-0: Called Strike 0-1: Foul Ball, location: 2F 0-2: Strikes out looking
|
Bottom of the 4th over - 0 runs, 2 hits, 0 errors, 2 left on base; Amarillo 2 - Tuscaloosa 8 |
TOP OF THE 5TH |
Amarillo Archdukes batting - Pitching for Tuscaloosa Trout Slayers : RHP Juan De Jesús
|
Batting: RHB Jesús Ramos
|
0-0: Ground out 6-3 (Groundball, 6)
|
Batting: RHB Nelson Castro
|
0-0: Foul Ball, location: 2F 0-1: Swinging Strike 0-2: Strikes out swinging
|
Batting: SHB Álex Hernández
|
0-0: Swinging Strike 0-1: Foul Ball, location: 2F 0-2: Ball 1-2: Ball 2-2: Ball 3-2: Base on Balls
|
Batting: LHB António Chávez
|
0-0: Ball 1-0: Swinging Strike 1-1: Swinging Strike 1-2: Foul Ball, location: 2F 1-2: Foul Ball, location: 2F 1-2: Ball Álex Hernández steals 2nd base 2-2: SINGLE (Line Drive, 89S) Álex Hernández to third Runner from 3rd tries for Home, SAFE, no throw
|
Batting: RHB Vincente Ramírez
|
0-0: Foul Ball, location: 2F 0-1: Ball 1-1: Swinging Strike 1-2: Strikes out swinging
|
Top of the 5th over - 1 run, 1 hit, 0 errors, 1 left on base; Amarillo 3 - Tuscaloosa 8 |
BOTTOM OF THE 5TH |
Tuscaloosa Trout Slayers batting - Pitching for Amarillo Archdukes : RHP Wilson Molina
|
Batting: SHB António Ramírez
|
0-0: Foul Ball, location: 2F 0-1: SINGLE (Groundball, 34D)
|
Batting: RHB Juan Reyes
|
0-0: Fly out, F9 (Flyball, 9LSF)
|
Batting: RHB Greg Lee
|
0-0: Called Strike 0-1: TRIPLE (Flyball, 8RXD) António Ramírez scores
|
Batting: LHB Manuel Ortega
|
0-0: Called Strike 0-1: Foul Ball, location: 2F 0-2: Foul Ball, location: 2F 0-2: Ground out 1-3 (Groundball, 13S)
|
Batting: RHB Alfredo Díaz
|
0-0: Called Strike 0-1: Ball 1-1: Swinging Strike 1-2: Ground out 5-3 (Groundball, 2L)
|
Bottom of the 5th over - 1 run, 2 hits, 0 errors, 1 left on base; Amarillo 3 - Tuscaloosa 9 |
TOP OF THE 6TH |
Amarillo Archdukes batting - Pitching for Tuscaloosa Trout Slayers : RHP Juan De Jesús
|
Batting: SHB Jeff Chambers
|
0-0: Called Strike 0-1: Ground out 3-1 (Groundball, 34S)
|
Batting: RHB Félix Trevino
|
0-0: Ball 1-0: Ball 2-0: Called Strike 2-1: Called Strike 2-2: Foul Ball, location: 2F 2-2: Foul Ball, location: 2F 2-2: Strikes out swinging
|
Batting: RHB Rich Henley
|
0-0: Called Strike 0-1: Ball 1-1: Foul Ball, location: 2F 1-2: Ball 2-2: Strikes out swinging
|
Top of the 6th over - 0 runs, 0 hits, 0 errors, 0 left on base; Amarillo 3 - Tuscaloosa 9 |
BOTTOM OF THE 6TH |
Tuscaloosa Trout Slayers batting - Pitching for Amarillo Archdukes : RHP Wilson Molina
|
Batting: LHB Juan Hernández
|
0-0: Ground out 4-3 (Groundball, 34D)
|
Batting: LHB Marcos Villarreal
|
0-0: Called Strike 0-1: Foul Ball, location: 2F 0-2: Foul Ball, location: 2F 0-2: Strikes out looking
|
Batting: LHB Miguel Rosa
|
0-0: Ball 1-0: Called Strike 1-1: Swinging Strike 1-2: Strikes out swinging
|
Bottom of the 6th over - 0 runs, 0 hits, 0 errors, 0 left on base; Amarillo 3 - Tuscaloosa 9 |
TOP OF THE 7TH |
Amarillo Archdukes batting - Pitching for Tuscaloosa Trout Slayers : RHP Juan De Jesús
|
Pitching: RHP Ronald Adams
|
|
Batting: RHB Herb Bunch
|
0-0: Swinging Strike 0-1: Called Strike 0-2: Ball 1-2: Ball 2-2: DOUBLE (Flyball, 8RXD)
|
Batting: RHB Jesús Ramos
|
0-0: Fly out, F5 (Popup, 5SF)
|
Batting: RHB Nelson Castro
|
0-0: Swinging Strike 0-1: Fly out, F6 (Popup, 6MD)
|
Batting: SHB Álex Hernández
|
0-0: Ball 1-0: Fly out, F6 (Line Drive, 56)
|
Top of the 7th over - 0 runs, 1 hit, 0 errors, 1 left on base; Amarillo 3 - Tuscaloosa 9 |
BOTTOM OF THE 7TH |
Tuscaloosa Trout Slayers batting - Pitching for Amarillo Archdukes : RHP Wilson Molina
|
Batting: RHB Augusto Baca
|
0-0: Fly out, F3 (Popup, 34S)
|
Batting: SHB António Ramírez
|
0-0: Ball 1-0: Foul Ball, location: 2F 1-1: Foul Ball, location: 2F 1-2: Fly out, F8 (Flyball, 8RS)
|
Batting: RHB Juan Reyes
|
0-0: Swinging Strike 0-1: Swinging Strike 0-2: Ball 1-2: Ball 2-2: Ball 3-2: Base on Balls
|
Batting: RHB Greg Lee
|
0-0: Ball 1-0: Ball 2-0: Ball 3-0: Called Strike 3-1: Foul Ball, location: 2F 3-2: SINGLE (Groundball, 4MD) Juan Reyes to second Juan Reyes to third
|
Batting: LHB Manuel Ortega
|
0-0: Called Strike 0-1: Fly out, F8 (Flyball, 78S)
|
Bottom of the 7th over - 0 runs, 1 hit, 0 errors, 2 left on base; Amarillo 3 - Tuscaloosa 9 |
TOP OF THE 8TH |
Amarillo Archdukes batting - Pitching for Tuscaloosa Trout Slayers : RHP Ronald Adams
|
Batting: LHB António Chávez
|
0-0: Called Strike 0-1: Ball 1-1: Foul Ball, location: 2F 1-2: Foul Ball, location: 2F 1-2: Ball 2-2: Strikes out swinging
|
Batting: RHB Vincente Ramírez
|
0-0: Ball 1-0: Called Strike 1-1: Swinging Strike 1-2: Ball 2-2: Strikes out swinging
|
Batting: SHB Jeff Chambers
|
0-0: SOLO HOME RUN (Flyball, 7D), Distance : 345 ft
|
Batting: RHB Félix Trevino
|
0-0: Ball 1-0: Ball 2-0: SINGLE (Groundball, 6MD)
|
Batting: RHB Rich Henley
|
0-0: Ball 1-0: Called Strike 1-1: Foul Ball, location: 2F 1-2: Strikes out looking
|
Top of the 8th over - 1 run, 2 hits, 0 errors, 1 left on base; Amarillo 4 - Tuscaloosa 9 |
BOTTOM OF THE 8TH |
Tuscaloosa Trout Slayers batting - Pitching for Amarillo Archdukes : RHP Wilson Molina
|
Batting: RHB Alfredo Díaz
|
0-0: Foul Ball, location: 2F 0-1: Foul Ball, location: 2F 0-2: Ball 1-2: SINGLE (Groundball, 6MD)
|
Batting: LHB Juan Hernández
|
0-0: Ball 1-0: Called Strike 1-1: Fly out, F7 (Line Drive, 7S)
|
Batting: LHB Marcos Villarreal
|
0-0: Ball 1-0: Called Strike 1-1: Ball 2-1: Foul Ball, location: 2F 2-2: Fly out, F3 (Popup, 23F)
|
Pitching: LHP Tim Miller
|
|
Batting: LHB Miguel Rosa
|
0-0: Ball 1-0: SINGLE (Flyball, 7LS) Alfredo Díaz to second
|
Batting: RHB Augusto Baca
|
0-0: Ball 1-0: Ball 2-0: Called Strike 2-1: Ball 3-1: Swinging Strike 3-2: Foul Ball, location: 2F 3-2: Strikes out looking
|
Bottom of the 8th over - 0 runs, 2 hits, 0 errors, 2 left on base; Amarillo 4 - Tuscaloosa 9 |
TOP OF THE 9TH |
Amarillo Archdukes batting - Pitching for Tuscaloosa Trout Slayers : RHP Ronald Adams
|
Now at 3B: Dave Hall
|
|
Now in LF: Eddy Jefferson
|
|
Batting: RHB Herb Bunch
|
0-0: Ball 1-0: Ball 2-0: Foul Ball, location: 2F 2-1: Foul Ball, location: 2F 2-2: Strikes out swinging
|
Batting: RHB Jesús Ramos
|
0-0: Ball 1-0: Called Strike 1-1: Foul Ball, location: 2F 1-2: Ball 2-2: Ball 3-2: SINGLE (Groundball, 6MD)
|
Batting: RHB Nelson Castro
|
0-0: Ball 1-0: Ball 2-0: Ball Wild Pitch! Jesús Ramos to second 3-0: Called Strike 3-1: Foul Ball, location: 2F 3-2: Foul Ball, location: 2F 3-2: Fly out, F8 (Flyball, 8LXD) Runner from 2nd tags up, SAFE at 3rd, no throw
|
Batting: SHB Álex Hernández
|
0-0: Ball 1-0: SINGLE (Line Drive, 9S) Jesús Ramos scores
|
Pitching: RHP Víctor Viña
|
|
Batting: LHB António Chávez
|
0-0: Called Strike 0-1: Ball 1-1: Ball 2-1: Called Strike 2-2: Ball 3-2: Base on Balls Álex Hernández to second
|
Batting: RHB Vincente Ramírez
|
0-0: Swinging Strike 0-1: Ball 1-1: Ball 2-1: Called Strike 2-2: Ball 3-2: Foul Ball, location: 2F 3-2: SINGLE (Groundball, 4D) Álex Hernández to third António Chávez to second Álex Hernández scores António Chávez to third
|
Pinch Hitting: LHB Brian Easdale
|
0-0: SINGLE (Groundball, 34D) António Chávez scores Vincente Ramírez to second
|
Pinch Hitting: LHB Earl Wigfall
|
0-0: Ball 1-0: Called Strike 1-1: Foul Ball, location: 2F 1-2: Fly out, F7 (Line Drive, 7)
|
Top of the 9th over - 3 runs, 4 hits, 0 errors, 2 left on base; Amarillo 7 - Tuscaloosa 9 |
|